 Dungeon Crawl Stone Soup version 0.27.1-33-g824d729ab1 (webtiles) character file.

Game seed: 4597373524009507818

221 vvl the Skirmisher (level 5, -2/41 HPs)
             Began as a Demonspawn Fighter on Dec 23, 2021.
             Slain by an orc wizard (3 damage)
             ... on level 3 of the Dungeon.
             The game lasted 00:07:36 (3115 turns).

vvl the Skirmisher (Demonspawn Fighter)             Turns: 3115, Time: 00:07:37

Health: -2/41      AC:  9    Str: 17    XL:     5   Next: 65%
Magic:  7/7        EV:  7    Int: 10    God:
Gold:   81         SH:  9    Dex: 12    Spells: 7/7 levels left

rFire    + . .     SeeInvis .   m - +3 short sword (venom)
rCold    + . .     Faith    .   c - +0 kite shield
rNeg     . . .     Spirit   .   f - +1 scale mail {Will+}
rPois    +         Reflect  .   (no helmet)
rElec    +         Harm     .   (no cloak)
rCorr    +         Rampage  .   (no gloves)
Will     +....                  (no boots)
Stlth    ..........             (no amulet)
HPRegen  0.13/turn              (no ring)
MPRegen  0.10/turn              (no ring)

@: lethally poisoned (-2 -> -17), resistant
A: icy blue scales 1, demonic guardian 2
a: no special abilities


You were on level 3 of the Dungeon.
You visited 1 branch of the dungeon, and saw 3 of its levels.

You collected 81 gold pieces.

Inventory:

Hand Weapons
 a - a +0 long sword
 m - a +3 short sword of venom (weapon)
 n - a +0 whip of electrocution
Armour
 c - a +0 kite shield (worn)
 f - a +1 scale mail of willpower (worn)
Jewellery
 b - a ring of protection from fire
 g - an amulet of guardian spirit
Scrolls
 e - a scroll of enchant armour {unknown}
 i - 2 scrolls of fear {unknown}
 k - a scroll of fog {unknown}
Potions
 d - a potion of might
 j - a potion of degeneration {unknown}
 l - a potion of magic {unknown}


   Skills:
 + Level 3.6 Fighting
 + Level 2.6 Long Blades
 + Level 3.2 Armour
 + Level 3.3 Shields
 + Level 1.5 Spellcasting
 + Level 1.9 Necromancy
 + Level 1.6 Earth Magic


You had 7 spell levels left.
You didn't know any spells.
Your spell library contained the following spells:

 Spells                   Type           Power      Damage    Failure   Level
 Iskenderun's Battlesphe  Conj           0%         2d6       100%        5
 Iron Shot                Conj/Erth      1%         9d1       100%        6
 Spellforged Servitor     Conj/Summ      0%         N/A       100%        7


Dungeon Overview and Level Annotations

Branches:
Dungeon (3/15)

Altars:
Xom


Innate Abilities, Weirdness & Mutations

You are partially covered in icy blue scales. (AC +2)
A demonic guardian rushes to your aid.


Message History

You resist with almost no effort.
You feel sick.
You feel sick.
You feel sick.
You feel sick. Something hits you. You block the orc wizard's attack.
You hit the orc wizard.
The orc wizard is poisoned.
The orc wizard is severely wounded.
You feel sick.
You are no longer poisoned.
You hear some strange, mumbled words.
A magic dart appears from out of thin air!
The magic dart hits you.
The orc wizard hits you but does no damage.
Something hits you but does no damage.
You are poisoned.
You closely miss something.
You feel sick. You block the orc wizard's attack.
Something hits you but does no damage.
You are lethally poisoned!
You hit something.
* * * LOW HITPOINT WARNING * * *
You feel very sick.
You kill the orc wizard!
You hear some strange, mumbled words.
A puff of flame appears from out of thin air!
The puff of flame hits you.
* * * LOW HITPOINT WARNING * * *
You completely miss something.
* * * LOW HITPOINT WARNING * * *
You feel very sick. Something hits you.
* * * LOW HITPOINT WARNING * * *
A demonic guardian appears!
You are more poisoned.
An orc comes into view. It is wielding a +0 dagger.
It was a potion of resistance.
You feel protected.
* * * LOW HITPOINT WARNING * * *
You feel very sick. Something hits you.
You die...

#.# #.#.# #..# #.# #.#.#
#.o# ..# #.#.# #..#
########.#.# #..#
.........#.# #..#
##...#####'######..#
.'†..)...†.....##$.#
##...#.........##..##
#...#..........@{4.#####
######.##+.#.#)#.#......
#..#...........####
##.#..#.....#..####
#.#...............
#.#..#.....#..####
#.............#
.......#.#>#.#..#
...............##


You could see an orc and a friendly ice devil (summoned).

Vanquished Creatures
  A phantom (D:2)
  An orc wizard (D:3)
  3 adders
  A worm (D:2)
  3 dart slugs
  2 orcs
  5 ball pythons
  2 endoplasms
  3 giant cockroaches
  4 goblins
  4 hobgoblins
  3 jackals (D:2)
  4 quokkas
  6 bats
  4 frilled lizards
  4 kobolds
  7 rats
57 creatures vanquished.

Vanquished Creatures (collateral kills)
  Terence (D:2)
  A worm (D:2)
  A dart slug (D:2)
  2 orcs (D:3)
  2 endoplasms (D:2)
  A ball python (D:3)
8 creatures vanquished.

Grand Total: 65 creatures vanquished

Notes
Turn   | Place    | Note
-------+----------+-------------------------------------------
     0 | D:1      | vvl the Demonspawn Fighter began the quest for the Orb.
     0 | D:1      | Reached XP level 1. HP: 18/18 MP: 1/1
   363 | D:1      | Gained mutation: A weak demonic guardian rushes to your
                  | aid. [demonic ancestry]
   363 | D:1      | Reached XP level 2. HP: 21/24 MP: 2/2
   563 | D:1      | You fall into a shaft and drop 1 floor!
   592 | D:2      | Noticed Terence
   609 | D:2      | Killed Terence
   610 | D:2      | Gained mutation: A demonic guardian rushes to your aid.
                  | [demonic ancestry]
   610 | D:2      | Reached XP level 3. HP: 4/29 MP: 3/3
  1075 | D:2      | Found a shimmering altar of Xom.
  1093 | D:2      | Noticed a phantom
  1102 | D:2      | Killed a phantom
  1103 | D:2      | Reached skill level 1 in Spellcasting
  1103 | D:2      | Reached skill level 1 in Necromancy
  1103 | D:2      | Reached skill level 1 in Earth Magic
  1103 | D:2      | Reached XP level 4. HP: 7/35 MP: 5/5
  1593 | D:2      | Gained mutation: You are partially covered in icy blue
                  | scales. (AC +2) [demonic ancestry]
  1593 | D:2      | Reached XP level 5. HP: 41/41 MP: 6/6
  1840 | D:2      | Found a faded altar of an unknown god.
  3115 | D:3      | HP: 1/41 [poisoned by an orc wizard]
  3115 | D:3      | Slain by an orc wizard

Illustrated notes

Levels and vault maps discovered:
D:1:      dpeg_arrival_houses_and_road, layout_basic, chequers_avenue,
          serial_bayou_ford_a, nrook_campfire, minmay_shallow_snake_nest
D:2:      layout_loops_ring, basic_altar,
          shapermc_ecumenical_altar_totnotflames, uniq_terence
D:3:      layout_basic, st_stairs_2

Skill      XL: |  1  2  3 |
---------------+----------+-----
Long Blades    | 2 |  2.6
Armour         | 3 |  3.2
Shields        | 3 |  3.3
Spellcasting   | 1 |  1.5
Necromancy     | 1 |  1.9
Earth Magic    | 1 |  1.6
Fighting       | |  3.6

Action                   |  1- 3 |  4- 6 || total
-------------------------+-------+-------++-------
Melee: Long sword        |    73 |    80 ||   153
       Short sword       |       |    42 ||    42
  Use: Potion            |       |     1 ||     1
Armor: Scale mail        |    35 |    61 ||    96
Dodge: Dodged            |    31 |    44 ||    75
Block: Kite shield       |    34 |    79 ||   113
       Rpst.: Long sword |     9 |    12 ||    21
